[Event "*** SCC Grand Prix: Titled Tuesday Blitz"]
[Site "Chess.com"]
[Date "2020.07.14"]
[Round "2"]
[White "WonderChampion"]
[Black "GGfrances"]
[Result "0-1"]
[WhiteElo "2020"]
[BlackElo "2361"]
[TimeControl "180+1"]
[EndTime "10:16:10 PDT"]
[Termination "GGfrances won by checkmate"]

1. d4 Nf6 2. Bg5 c5 3. dxc5 Qa5+ 4. Bd2 Qxc5 5. Nc3 g6 6. Nf3 Bg7 7. e3 O-O 8. Bd3 Nc6 9. O-O d5 10. Re1 e5 11. e4 d4 12. Ne2 Bg4 13. Nc1 Rad8 14.
Nb3 Qe7 15. h3 Be6 16. Ng5 Bd7 17. Qe2 b6 18. Nf3 a5 19. a4 Nh5 20. c3 dxc3 21.
Bxc3 Nf4 22. Qc2 Bxh3 23. Bb5 Bxg2 24. Nh2 Qg5 25. Nf1 Bxf1+ 26. Kxf1 Qg2# 0-1

[Event "*** SCC Grand Prix: Titled Tuesday Blitz"]
[Site "Chess.com"]
[Date "2020.07.14"]
[Round "2"]
[White "Aronyak1"]
[Black "ural58"]
[Result "1-0"]
[WhiteElo "2745"]
[BlackElo "2483"]
[TimeControl "180+1"]
[EndTime "10:16:12 PDT"]
[Termination "Aronyak1 won by resignation"]

1. c4 e5 2. Nc3 Nc6 3. Nf3 Bb4 4. Nd5 e4 5. a3 Be7 6. Ng1 Nf6 7. d3 exd3 8. e3 d6 9. Bxd3 Be6 10. Nf4 O-O 11. Nf3 Ne5 12. Nxe5 dxe5 13. Nxe6 fxe6 14. O-O e4 15. Be2 Qd6 16. Qc2 Rad8 17. b4 c5 18. b5 Qe5 19. Bb2 Qf5 20. Rad1 Bd6 21. h3 Be5 22. g4 Qg5 23. h4 Qxh4 24. Bxe5 Nxg4 25.
Qxe4 Rxd1 26. Bxd1 h5 27. Bg3 Qg5 28. Bxg4 1-0

[Event "*** SCC Grand Prix: Titled Tuesday Blitz"]
[Site "Chess.com"]
[Date "2020.07.14"]
[Round "2"]
[White "Superfelix"]
[Black "hongnhung1234"]
[Result "0-1"]
[WhiteElo "2425"]
[BlackElo "2242"]
[TimeControl "180+1"]
[EndTime "10:16:13 PDT"]
[Termination "hongnhung1234 won by resignation"]

1. e4 c5 2. Nf3 e6 3. d4 cxd4 4. Nxd4 Nc6 5. Nc3 Qc7 6. g3 a6 7. Bg2 Nf6 8. O-O Be7 9. Re1 d6 10. Nxc6 bxc6 11. b3 O-O 12. Bb2 d5 13. exd5 cxd5 14.
Na4 Bb7 15. Rc1 Rfd8 16. Qe2 Rac8 17. c4 dxc4 18. Rxc4 Qb8 19. Rec1 Bxg2 20. Rxc8 Rxc8 21. Rxc8+ Qxc8 22. Kxg2 h6 23. Qd3 Qc6+ 24. Qf3 Qc2 25. Qc3 Qe4+ 26. Qf3 Qb1 27. Qa8+ Kh7 28. Qxa6 Qxa2 29.
Qd3+ Kg8 30. h3 Nd5 31. Be5 Qa3 32. Qc4 Qa2 33. Nc3 Ne3+ 34. Kf3 Nxc4 35. Nxa2 Nxe5+ 36. Ke4 f6 37. f4 Nc6 38. f5 exf5+ 39. Kxf5 Kf7 40.
g4 Nd4+ 41. Ke4 Nxb3 42. Nc3 Nc5+ 43. Kd5 Ne6 44. Ne4 Nf4+ 0-1

[Event "*** SCC Grand Prix: Titled Tuesday Blitz"]
[Site "Chess.com"]
[Date "2020.07.14"]
[Round "2"]
[White "Parkas"]
[Black "WiktoriaPOL"]
[Result "1-0"]
[WhiteElo "2344"]
[BlackElo "1892"]
[TimeControl "180+1"]
[EndTime "10:16:14 PDT"]
[Termination "Parkas won by resignation"]

1. d4 Nf6 2. Nc3 d5 3. Bf4 c6 4. Nf3 Bg4 5. Ne5 Bh5 6. f3 e6 7.
h4 Bg6 8. g4 h5 9. Nxg6 fxg6 10. g5 Nfd7 11. Qd3 Kf7 12. O-O-O Be7 13. e4 Rf8 14.
Bh3 Nb6 15. Bg3 N8d7 16. exd5 exd5 17. Rhe1 Kg8 18. Qxg6 Qe8 19. Qe6+ Rf7 20. g6 Nf8 21. gxf7+ Qxf7 22. Qxe7 Qxe7 23. Rxe7 1-0

[Event "*** SCC Grand Prix: Titled Tuesday Blitz"]
[Site "Chess.com"]
[Date "2020.07.14"]
[Round "2"]
[White "stolencandy13"]
[Black "Colchonero64"]
[Result "0-1"]
[WhiteElo "2439"]
[BlackElo "2935"]
[TimeControl "180+1"]
[EndTime "10:16:16 PDT"]
[Termination "Colchonero64 won by resignation"]

1. e4 c5 2. Nf3 a6 3. d4 cxd4 4. Nxd4 Nf6 5. Qd3 e5 6. Nf5 d5 7. Ng3 Nc6 8. c3 Be7 9. Bg5 dxe4 10. Qxd8+ Nxd8 11. Bxf6 gxf6 12. Nxe4 f5 13. Ng3 f4 14. Ne4 f5 15. Ned2 e4 16. g3 f3 17. Nc4 Be6 18. Ne3 Nc6 19. Nd2 Ne5 20. Ndc4 Ng6 21. O-O-O O-O 22.
Kb1 Bc5 23. b4 Ba7 24. Rd6 Rae8 25. Na5 Bxe3 26. fxe3 Rf7 27. Rxe6 Rxe6 28. Bc4 Ree7 29. Nxb7 Rxb7 0-1

[Event "*** SCC Grand Prix: Titled Tuesday Blitz"]
[Site "Chess.com"]
[Date "2020.07.14"]
[Round "2"]
[White "AGW2016"]
[Black "Alexsur1981"]
[Result "0-1"]
[WhiteElo "2262"]
[BlackElo "2534"]
[TimeControl "180+1"]
[EndTime "10:16:16 PDT"]
[Termination "Alexsur1981 won by resignation"]

1. d4 d6 2. Nf3 Bg4 3. e4 Nd7 4. h3 Bh5 5. Be2 c6 6. O-O Ngf6 7. Nbd2 e5 8. c3 Be7 9. Re1 O-O 10. Qb3 Qc7 11.
Nh4 Bxe2 12. Rxe2 Rfe8 13. Nf1 Bf8 14. Ng3 g6 15. Nf3 Bg7 16. Bg5 h6 17. Bxf6 Nxf6 18.
Rd1 Rad8 19. dxe5 dxe5 20. Red2 Rxd2 21. Rxd2 Bf8 22. a4 a5 23. Qc4 Nd7 24. b3 Nc5 25.
Ne1 Kg7 26. Nd3 Rd8 27. Nf1 b5 28. axb5 cxb5 29. Qxb5 Nxe4 30. Rc2 Nxc3 31. Qxe5+ Qxe5 32. Nxe5 Bb4 33. Ne3 Rd6 34. N5c4 Re6 35. Rd2 Ne4 36. Rd7 Nc5 37. Rb7 Nxb7 0-1

[Event "*** SCC Grand Prix: Titled Tuesday Blitz"]
[Site "Chess.com"]
[Date "2020.07.14"]
[Round "2"]
[White "MashaFromRussia"]
[Black "GuuBol"]
[Result "1-0"]
[WhiteElo "2443"]
[BlackElo "2230"]
[TimeControl "180+1"]
[EndTime "10:16:17 PDT"]
[Termination "MashaFromRussia won by resignation"]

1. d4 d5 2. c4 e6 3. Nf3 c5 4. cxd5 exd5 5. Nc3 Nf6 6. g3 Nc6 7. Bg2 Be7 8. O-O O-O 9. Bg5 c4 10. Ne5 Be6 11. Nxc6 bxc6 12. e3 h6 13. Bxf6 Bxf6 14.
b3 Qa5 15. Qc2 Rac8 16. bxc4 dxc4 17. Ne4 Be7 18. Rfd1 Bd5 19. Rab1 Rc7 20. Nc3 f5 21. Bxd5+ cxd5 22. Rb5 Qa3 23. Nxd5 Rcc8 24. Nxe7+ Qxe7 25. Rdb1 Qg5 26. Rc5 Rxc5 27. dxc5 f4 28. Qxc4+ Kh8 29. exf4 Qf5 30. Rb7 Rd8 31. c6 Qh3 32. Rb1 Rc8 33.
c7 1-0

[Event "*** SCC Grand Prix: Titled Tuesday Blitz"]
[Site "Chess.com"]
[Date "2020.07.14"]
[Round "2"]
[White "Nayemhaque22"]
[Black "Muguet7"]
[Result "1-0"]
[WhiteElo "2213"]
[BlackElo "2410"]
[TimeControl "180+1"]
[EndTime "10:16:18 PDT"]
[Termination "Nayemhaque22 won by checkmate"]

1. e4 c5 2. Nf3 Nc6 3. d4 cxd4 4. Nxd4 e6 5. Be3 Nf6 6. f3 d5 7. Nxc6 bxc6 8. Nc3 Bd6 9. Qd2 O-O 10. O-O-O a5 11. f4 Bb4 12. exd5 cxd5 13. Bd4 Qc7 14. Qe3 Ba6 15. Bxa6 Rxa6 16. Bxf6 gxf6 17. Rd3 Rc6 18. Rhd1 Rc8 19. Qg3+ Kf8 20. Qh4 Bxc3 21. bxc3 Rxc3 22. Rxc3 Qxc3 23. Qf2 Qa1+ 24. Kd2 Qxa2 25. Rc1 a4 26.
Qd4 Kg7 27. f5 exf5 28. Qd3 Qb2 29. Qg3+ Kh8 30. Qd6 Qd4+ 31. Ke2 Re8+ 32. Kf1 Re6 33. Qf8# 1-0

[Event "*** SCC Grand Prix: Titled Tuesday Blitz"]
[Site "Chess.com"]
[Date "2020.07.14"]
[Round "2"]
[White "FMJoseHerrera"]
[Black "Gusarov91"]
[Result "1-0"]
[WhiteElo "2468"]
[BlackElo "2645"]
[TimeControl "180+1"]
[EndTime "10:16:19 PDT"]
[Termination "FMJoseHerrera won by checkmate"]

1. Nf3 c5 2. g3 Nf6 3. Bg2 g6 4. d3 Bg7 5. Nc3 O-O 6. h4 d5 7. h5 Nxh5 8. Bg5 Nc6 9. Qd2 Bg4 10. Bh6 Qd7 11. O-O-O b5 12. Bxg7 Kxg7 13. Rh4 f5 14. Nh2 d4 15. Nd5 e6 16. Nf4 Nxf4 17. Qxf4 Bxe2 18.
Qh6+ Kg8 19. Bxc6 Qg7 20. Re1 Rac8 21. Bd7 Qxd7 22. Rxe2 c4 23. Rxe6 cxd3 24. Nf3 Rxc2+ 25. Kb1 Rfc8 26. Rxg6+ hxg6 27. Qh8+ Kf7 28. Rh7+ Ke6 29. Qe5# 1-0

[Event "*** SCC Grand Prix: Titled Tuesday Blitz"]
[Site "Chess.com"]
[Date "2020.07.14"]
[Round "2"]
[White "Ceejay271"]
[Black "LyonBeast"]
[Result "0-1"]
[WhiteElo "2337"]
[BlackElo "3019"]
[TimeControl "180+1"]
[EndTime "10:16:19 PDT"]
[Termination "LyonBeast won by resignation"]

1. d4 d6 2. Nf3 Nf6 3. c4 g6 4.
Nc3 Bf5 5. Nh4 Bd7 6. e4 e5 7. dxe5 dxe5 8. Nf3 Nc6 9. Be2 Bb4 10. Bd2 O-O 11.
O-O Bxc3 12. Bxc3 Nxe4 13. Bxe5 Nxe5 14. Nxe5 Be6 15. Qc2 Nd6 16. Rad1 Qf6 17. Nf3 Rad8 18. b3 Rfe8 19. Rfe1 Bg4 20. Nd4 Nf5 21. Nxf5 Bxf5 22. Qc1 Rxd1 23. Qxd1 Qc3 24. Kf1 a5 25. f3 Qe3 26. g4 Be6 27. Bd3 Qf4 28. Kg2 Rd8 29. Qe2 h5 30. h3 h4 31. Be4 Rd2 0-1

[Event "*** SCC Grand Prix: Titled Tuesday Blitz"]
[Site "Chess.com"]
[Date "2020.07.14"]
[Round "2"]
[White "rududuyk"]
[Black "Xeniya2005"]
[Result "0-1"]
[WhiteElo "2076"]
[BlackElo "2377"]
[TimeControl "180+1"]
[EndTime "10:16:20 PDT"]
[Termination "Xeniya2005 won on time"]

1. e4 e6 2. d4 d5 3. Nd2 c5 4. Bb5+ Bd7 5. Bxd7+ Qxd7 6. exd5 Qxd5 7. Ndf3 Nc6 8. Ne2 Rd8 9. c3 cxd4 10. cxd4 Nf6 11. O-O Be7 12. Nc3 Qd7 13. Be3 O-O 14. Ne5 Qc7 15.
Ng4 Nd5 16. Qf3 Kh8 17. Rad1 a6 18. Qh3 f5 19. Nxd5 Rxd5 20. Ne5 Nxe5 21. dxe5 Qxe5 0-1

[Event "*** SCC Grand Prix: Titled Tuesday Blitz"]
[Site "Chess.com"]
[Date "2020.07.14"]
[Round "2"]
[White "KingChess345"]
[Black "mbachez"]
[Result "0-1"]
[WhiteElo "2157"]
[BlackElo "2414"]
[TimeControl "180+1"]
[EndTime "10:16:21 PDT"]
[Termination "mbachez won by resignation"]

1. d4 Nf6 2. Nf3 g6 3. g3 Bg7 4.
Bg2 O-O 5. O-O d5 6. c4 dxc4 7.
Na3 c3 8. bxc3 c5 9. Nc4 Nc6 10. Nfe5 cxd4 11. Nxc6 bxc6 12. Bxc6 Bh3 13. Bxa8 Qxa8 14.
f3 Bxf1 15. Kxf1 dxc3 16. Qb3 Rb8 17. Qa3 Qd5 18. Bf4 Rc8 19. Ne3 Qb7 20. Rc1 Bf8 21.
Rxc3 e5 22. Qc1 Rxc3 23. Qxc3 exf4 24. Qxf6 fxe3 0-1

[Event "*** SCC Grand Prix: Titled Tuesday Blitz"]
[Site "Chess.com"]
[Date "2020.07.14"]
[Round "2"]
[White "eightbyeightchess"]
[Black "JiiHart"]
[Result "1-0"]
[WhiteElo "2394"]
[BlackElo "2106"]
[TimeControl "180+1"]
[EndTime "10:16:21 PDT"]
[Termination "eightbyeightchess won by resignation"]

1. e4 c5 2. Nf3 Nc6 3. d4 cxd4 4. Nxd4 Nf6 5. Nc3 d6 6. Be2 e5 7. Nxc6 bxc6 8. O-O Be6 9. Bg5 Be7 10. Qd2 Qc7 11.
Rad1 Rd8 12. f4 h6 13. f5 hxg5 14. fxe6 fxe6 15. Qxg5 Qb6+ 16. Kh1 Kd7 17. Qxe5 Rh6 18. Qg3 Rdh8 19. h3 g5 20. e5 Nh5 21. Bxh5 Rxh5 22. exd6 Bxd6 23. Rxd6+ Kc7 24. Rxe6+ Kb7 25. Re7+ Ka6 26.
Qd3+ 1-0

[Event "*** SCC Grand Prix: Titled Tuesday Blitz"]
[Site "Chess.com"]
[Date "2020.07.14"]
[Round "2"]
[White "Bulldog167"]
[Black "GiorgianBarbosa"]
[Result "1-0"]
[WhiteElo "2701"]
[BlackElo "2468"]
[TimeControl "180+1"]
[EndTime "10:16:22 PDT"]
[Termination "Bulldog167 won by resignation"]

1. d4 Nf6 2. c4 g6 3. Nc3 Bg7 4. e4 d6 5. h3 O-O 6. Be3 e5 7. d5 Nbd7 8. g4 Nc5 9. f3 a5 10. Qd2 Nfd7 11. h4 f5 12. gxf5 gxf5 13. O-O-O f4 14.
Bf2 b6 15. h5 Kh8 16. h6 Bf6 17. Kb1 Qe7 18. Bh3 Rg8 19. Nge2 Nf8 20. Bxc8 Rxc8 21. Nb5 Ng6 22. Bxc5 dxc5 23. d6 Qf7 24. dxc7 Qxc4 25. Nd6 Qe6 26. Nxc8 Rxc8 27. Qd7 Qg8 28. Nc3 Nf8 29. Qc6 Ne6 30. Nd5 Bg5 31. Qd6 Qg6 32.
Qxe5+ Kg8 33. Rhg1 Kf7 34. Qf5+ Ke8 35. Qxg6+ hxg6 36. h7 Kf7 37. Nxb6 1-0

[Event "*** SCC Grand Prix: Titled Tuesday Blitz"]
[Site "Chess.com"]
[Date "2020.07.14"]
[Round "2"]
[White "teacher4chess"]
[Black "saraswathii"]
[Result "1-0"]
[WhiteElo "2023"]
[BlackElo "2345"]
[TimeControl "180+1"]
[EndTime "10:16:28 PDT"]
[Termination "teacher4chess won by resignation"]

1. d4 Nf6 2. Nf3 d6 3. Bg5 g6 4. Bxf6 exf6 5. e4 Bg7 6. Bd3 O-O 7. O-O Re8 8. Nbd2 d5 9. c3 dxe4 10. Nxe4 Bf5 11. Ng3 Bxd3 12. Qxd3 c6 13. Rfe1 Na6 14. Rxe8+ Qxe8 15. Re1 Qd7 16. Qe4 Bf8 17. h3 Nc7 18. Qg4 Qd5 19. Ne4 Kg7 20. Qf4 Ne8 21. b3 Be7 22. c4 Qd7 23. Qe3 Bb4 24. Rd1 Rd8 25.
d5 b6 26. g4 Qe7 27. Nd4 cxd5 28. Nc6 Qxe4 29. Qxe4 dxe4 30. Rxd8 1-0

[Event "*** SCC Grand Prix: Titled Tuesday Blitz"]
[Site "Chess.com"]
[Date "2020.07.14"]
[Round "2"]
[White "Agnes66678"]
[Black "vesalhamedinia"]
[Result "0-1"]
[WhiteElo "2412"]
[BlackElo "2220"]
[TimeControl "180+1"]
[EndTime "10:16:29 PDT"]
[Termination "vesalhamedinia won by resignation"]

1. Nf3 d5 2. g3 c6 3. Bg2 Nf6 4. O-O Bf5 5. d3 e6 6. Nh4 Bg4 7. h3 Bh5 8. f4 Nbd7 9. Qe1 Qb6+ 10. Kh2 Bd6 11. e4 Bc7 12. Nc3 O-O-O 13. e5 Ng8 14. Na4 Qa6 15. b3 g5 16. Nf3 gxf4 17. gxf4 Ne7 18. d4 Nf5 19. Be3 Rhg8 20. Rf2 Ba5 21.
c3 Qd3 22. Re2 Rxg2+ 23. Kxg2 Qe4 24. Rf2 Nxe3+ 25. Kh2 Bxf3 26. b4 Bc7 27. Qd2 Qxf4+ 28. Kg1 Rg8+ 0-1

[Event "*** SCC Grand Prix: Titled Tuesday Blitz"]
[Site "Chess.com"]
[Date "2020.07.14"]
[Round "2"]
[White "dretch"]
[Black "Ermito2020"]
[Result "1-0"]
[WhiteElo "2808"]
[BlackElo "2507"]
[TimeControl "180+1"]
[EndTime "10:16:31 PDT"]
[Termination "dretch won by resignation"]

1. d4 d5 2. c4 e6 3. Nc3 c6 4. e3 Nf6 5. Bd3 dxc4 6. Bxc4 Nbd7 7. e4 b5 8. Bd3 e5 9. Nf3 exd4 10. Nxd4 Ne5 11. Bc2 Bc5 12. Nb3 Qxd1+ 13. Nxd1 Bb4+ 14. Bd2 Bxd2+ 15. Nxd2 c5 16. Nc3 b4 17. Na4 Ned7 18. f4 Bb7 19. e5 Nd5 20. Be4 O-O-O 21. Nc4 Kb8 22. Nd6 Nxf4 23. Nxb7 Nxe5 24. Nxd8 1-0

[Event "*** SCC Grand Prix: Titled Tuesday Blitz"]
[Site "Chess.com"]
[Date "2020.07.14"]
[Round "2"]
[White "pedromartinez91"]
[Black "ElCoachRene"]
[Result "1-0"]
[WhiteElo "2530"]
[BlackElo "2205"]
[TimeControl "180+1"]
[EndTime "10:16:31 PDT"]
[Termination "pedromartinez91 won by resignation"]

1. Nf3 d5 2. g3 c6 3. Bg2 Bf5 4. O-O e6 5. c4 Nf6 6. cxd5 exd5 7. d3 Nbd7 8. Nc3 h6 9. e4 Be6 10. e5 Nh7 11. Nd4 Qe7 12. Nxe6 Qxe6 13. f4 Be7 14. d4 g6 15. f5 gxf5 16. Bh3 Qg6 17. Bxf5 Qg7 18. e6 fxe6 19. Bxe6 O-O-O 20. Rf7 Qg6 21. Rxe7 Nf8 22. Bxd7+ Nxd7 23. Bf4 h5 24.
Nxd5 Rhf8 25. Rc1 Rxf4 26. Nxf4 Qf6 27. Re6 Qf5 28. Qd3 Qg5 29. Qg6 Qxg6 30. Rxg6 Nf8 31.
Rg8 1-0

[Event "*** SCC Grand Prix: Titled Tuesday Blitz"]
[Site "Chess.com"]
[Date "2020.07.14"]
[Round "2"]
[White "SharapovEvgeny"]
[Black "esrosenberg"]
[Result "1-0"]
[WhiteElo "2435"]
[BlackElo "2207"]
[TimeControl "180+1"]
[EndTime "10:16:31 PDT"]
[Termination "SharapovEvgeny won on time"]

1. e4 e5 2. Nf3 Nc6 3. Bb5 a6 4. Ba4 Nf6 5. O-O Be7 6. Re1 b5 7. Bb3 O-O 8. a4 Bb7 9. Nc3 Nd4 10. Nxd4 exd4 11. Nd5 Nxd5 12. Bxd5 Bxd5 13. exd5 Bd6 14. Qg4 d3 15. cxd3 Re8 16. Re3 Qf6 17. Qxd7 Re5 18.
axb5 Bc5 19. Rxa6 Rxa6 20. Qc8+ Bf8 21. bxa6 Rxe3 22. dxe3 Qb6 23. Qb7 Qa5 24. Kf1 Qa1 25. Qc6 1-0

[Event "*** SCC Grand Prix: Titled Tuesday Blitz"]
[Site "Chess.com"]
[Date "2020.07.14"]
[Round "2"]
[White "BogdanDeac"]
[Black "WildTricks"]
[Result "1-0"]
[WhiteElo "2807"]
[BlackElo "2507"]
[TimeControl "180+1"]
[EndTime "10:16:33 PDT"]
[Termination "BogdanDeac won by resignation"]

1. Nf3 Nf6 2. c4 b6 3. d4 Bb7 4.
g3 g6 5. Bg2 Bg7 6. Qc2 O-O 7.
Nc3 d5 8. Ne5 e6 9. O-O Nbd7 10.
Bg5 h6 11. Bxf6 Nxf6 12. Rad1 a6 13. cxd5 Nxd5 14. Nxd5 exd5 15. Nc6 Qd6 16. Bxd5 Rfe8 17. Bg2 Rxe2 18. Qxe2 Bxc6 19. Bxc6 Qxc6 20. d5 Qd6 21. Rfe1 Rd8 22. Qxa6 Bxb2 23. Qb5 Bf6 24. Re8+ Rxe8 25. Qxe8+ Kg7 26. Qc6 Qe5 27. d6 cxd6 28. Rxd6 b5 29. Qd5 Qe1+ 30. Kg2 b4 31. Rd7 Qe8 32. Qb7 h5 33. h3 Qe6 34. Qd5 Qe8 35. Rc7 Be5 36. Rc4 Qe7 37. Re4 f6 38. f4 Qc7 39. fxe5 Qc2+ 40.
Kf3 f5 41. Re2 Qc1 42. Qd7+ Kh6 43. Qd2+ 1-0

[Event "*** SCC Grand Prix: Titled Tuesday Blitz"]
[Site "Chess.com"]
[Date "2020.07.14"]
[Round "2"]
[White "maciek_92"]
[Black "Kosche007"]
[Result "1-0"]
[WhiteElo "2637"]
[BlackElo "2302"]
[TimeControl "180+1"]
[EndTime "10:16:34 PDT"]
[Termination "maciek_92 won by resignation"]

1. c4 g6 2. Nc3 Bg7 3. d4 Nf6 4. e4 d6 5. h3 e5 6. d5 a5 7. Be3 Na6 8. g4 Bd7 9. Nge2 h5 10. g5 Nh7 11. Qd2 h4 12. Nc1 Nc5 13. Nd3 b6 14. b3 Bf8 15. O-O-O Be7 16. Rg1 Nxd3+ 17. Bxd3 Nf8 18. f4 exf4 19. Bxf4 Bxh3 20. e5 Bf5 21. Rde1 Qd7 22. exd6 cxd6 23. Nb5 O-O-O 24.
Bxf5 gxf5 25. Qe3 Ng6 26. Qxb6 Qb7 27. Na7+ 1-0

[Event "*** SCC Grand Prix: Titled Tuesday Blitz"]
[Site "Chess.com"]
[Date "2020.07.14"]
[Round "2"]
[White "CzechmVIII"]
[Black "Raffaello123"]
[Result "1-0"]
[WhiteElo "2192"]
[BlackElo "2353"]
[TimeControl "180+1"]
[EndTime "10:16:35 PDT"]
[Termination "CzechmVIII won by resignation"]

1. e4 e5 2. Nf3 Nc6 3. Bb5 a6 4. Ba4 Nf6 5. O-O Be7 6. Re1 b5 7. Bb3 O-O 8. d3 d6 9. a3 Na5 10. Ba2 c5 11. Nc3 Be6 12. Ne2 Bxa2 13. Rxa2 Nc6 14.
c3 d5 15. Ng3 dxe4 16. dxe4 Qxd1 17. Rxd1 Rfd8 18. Re1 Rd3 19. Ra1 Rad8 20. Nf5 Bf8 21. Bg5 R8d7 22. Bxf6 gxf6 23. Kf1 Na5 24. Ne3 Bh6 25.
Nd5 Kg7 26. Nh4 Nb3 27. Rad1 Rxd1 28. Rxd1 Nd2+ 29. Ke2 Nxe4 30. Nf5+ Kg6 31. Nde7+ Rxe7 32. Nxe7+ Kg5 33. f3 1-0

[Event "*** SCC Grand Prix: Titled Tuesday Blitz"]
[Site "Chess.com"]
[Date "2020.07.14"]
[Round "2"]
[White "Misticpikachu"]
[Black "SamuelGhimpu2003"]
[Result "0-1"]
[WhiteElo "2231"]
[BlackElo "2604"]
[TimeControl "180+1"]
[EndTime "10:16:36 PDT"]
[Termination "SamuelGhimpu2003 won by resignation"]

1. c4 Nf6 2. Nc3 e6 3. e4 d5 4. e5 d4 5. exf6 dxc3 6. bxc3 Qxf6 7. Nf3 e5 8. d4 exd4 9. cxd4 Bb4+ 10. Bd2 Bxd2+ 11.
Qxd2 O-O 12. Bd3 Nc6 13. O-O Bg4 14. Be4 Rad8 15. Bxc6 Qxc6 16. Ne5 Qe4 17. Nxg4 Rxd4 18. Qb4 Qxg4 19. Qxb7 Rxc4 20. Qxa7 h5 21. h3 Qg5 22. a4 Qd5 23. a5 Ra8 24. Qe3 Rxa5 25. Rxa5 Qxa5 26.
Qe8+ Kh7 27. Qxf7 Rc2 28. Rd1 Qe5 29. Re1 Qxe1+ 0-1

[Event "*** SCC Grand Prix: Titled Tuesday Blitz"]
[Site "Chess.com"]
[Date "2020.07.14"]
[Round "2"]
[White "boasovietica"]
[Black "Alberquintin"]
[Result "1-0"]
[WhiteElo "2475"]
[BlackElo "2551"]
[TimeControl "180+1"]
[EndTime "10:16:37 PDT"]
[Termination "boasovietica won by resignation"]

1. e4 e5 2. Nf3 Nc6 3. Bb5 a6 4. Ba4 Nf6 5. O-O Be7 6. d3 d6 7. a3 O-O 8. Nc3 Na5 9. b4 b5 10. bxa5 bxa4 11. Nxa4 Bd7 12. c4 Rb8 13. h3 Bxa4 14.
Qxa4 Nd7 15. Be3 g6 16. Rab1 f5 17. Qc6 Rxb1 18. Rxb1 f4 19. Ba7 g5 20. Rb7 h5 21.
Rxc7 Nf6 22. Nxg5 Ne8 23. Rd7 Qxa5 24. Rxe7 Qe1+ 25. Kh2 Nf6 26. Qxd6 Qxf2 27. Bxf2 1-0

[Event "*** SCC Grand Prix: Titled Tuesday Blitz"]
[Site "Chess.com"]
[Date "2020.07.14"]
[Round "2"]
[White "Sam_ChessMood"]
[Black "zmeeed67"]
[Result "1-0"]
[WhiteElo "2817"]
[BlackElo "2429"]
[TimeControl "180+1"]
[EndTime "10:16:39 PDT"]
[Termination "Sam_ChessMood won on time"]

1. e4 Nc6 2. Nf3 d6 3. d4 Nf6 4. Nc3 Bg4 5. Be3 g6 6. Qd2 Bg7 7. Ng1 e5 8. d5 Nd4 9. h3 Bd7 10.
Nge2 Nb5 11. f3 O-O 12. g4 Re8 13. O-O-O a6 14. Kb1 c6 15. h4 cxd5 16. exd5 h5 17. g5 Nh7 18. Ne4 Bf5 19. N2g3 Bxe4 20. Nxe4 Rc8 21. c3 Nc7 22. Bh3 Rb8 23. Bb6 Re7 24. c4 Qf8 25. c5 dxc5 26. d6 1-0

[Event "*** SCC Grand Prix: Titled Tuesday Blitz"]
[Site "Chess.com"]
[Date "2020.07.14"]
[Round "2"]
[White "Agibileg"]
[Black "andrzej"]
[Result "1-0"]
[WhiteElo "2433"]
[BlackElo "2202"]
[TimeControl "180+1"]
[EndTime "10:16:39 PDT"]
[Termination "Agibileg won on time"]

1. d4 Nf6 2. c4 e6 3. Nc3 Bb4 4. a3 Bxc3+ 5. bxc3 O-O 6. f3 c5 7. e4 d6 8. Bd3 Qa5 9. Bd2 Nc6 10. Ne2 b6 11. O-O Ba6 12. f4 d5 13. e5 Ne4 14.
cxd5 Bxd3 15. dxc6 cxd4 16. Nxd4 Bxf1 17. Kxf1 Rfd8 18. Be1 Nxc3 19. Qd3 Rxd4 20. Qxd4 Qb5+ 21. Kf2 Qb2+ 22. Kf3 Qe2+ 23. Kg3 Ne4+ 24. Kh3 h5 25. Qd1 Qe3+ 26. g3 Qg1 27. Qf3 Nc5 28. Rd1 Rc8 29. Bf2 1-0

[Event "*** SCC Grand Prix: Titled Tuesday Blitz"]
[Site "Chess.com"]
[Date "2020.07.14"]
[Round "2"]
[White "kuban1991"]
[Black "Zq1"]
[Result "1-0"]
[WhiteElo "2738"]
[BlackElo "2481"]
[TimeControl "180+1"]
[EndTime "10:16:40 PDT"]
[Termination "kuban1991 won by resignation"]

1. Nf3 Nf6 2. g3 d5 3. Bg2 c6 4.
O-O Bf5 5. d4 h6 6. c4 e6 7. Nc3 Be7 8. Qb3 Qb6 9. c5 Qxb3 10.
axb3 a6 11. b4 Ne4 12. Nd2 Nxc3 13. bxc3 Nd7 14. Nb3 O-O 15. Na5 Ra7 16. f3 Bd8 17.
e4 Bg6 18. Bf4 Bxa5 19. bxa5 dxe4 20. fxe4 e5 21. Be3 Nf6 22. Rxf6 gxf6 23. d5 Kg7 24.
Rf1 Raa8 25. d6 h5 26. h4 Rfd8 27. c4 Rd7 28. Bd2 Rad8 29. Bc3 Re8 30. Rf2 Red8 31. Kf1 Re8 32. Ke2 Red8 33. Ke3 Re8 34. Bh3 Red8 35. Rg2 Kh6 36. Bd2 Kh7 37. g4 Rxd6 38. cxd6 Rxd6 39. gxh5 Bxh5 40. Bf5+ Kh8 41. Bb4 Rd4 42. Be7 1-0

[Event "*** SCC Grand Prix: Titled Tuesday Blitz"]
[Site "Chess.com"]
[Date "2020.07.14"]
[Round "2"]
[White "earling8018"]
[Black "Manukyan_Artak"]
[Result "0-1"]
[WhiteElo "2054"]
[BlackElo "2366"]
[TimeControl "180+1"]
[EndTime "10:16:40 PDT"]
[Termination "Manukyan_Artak won by resignation"]

1. d4 Nf6 2. c4 d6 3. Nc3 g6 4. e4 Bg7 5. Nf3 O-O 6. h3 e5 7. d5 c5 8. Be3 Na6 9. g4 Nc7 10. Qd2 Nfe8 11. Bh6 a6 12. Rg1 Rb8 13. a4 Bd7 14. a5 b5 15. axb6 Rxb6 16. Ra2 Qb8 17.
Bxg7 Kxg7 18. Bd3 h6 19. Kf1 Nf6 20. Rg3 Nh7 21. h4 Qb7 22. Kg2 Rb8 23. Nd1 Qc8 24. Nh2 Nf6 25. f3 Nh7 26. h5 g5 27. Nf1 Nf6 28. Nfe3 Rb3 29. Bc2 R3b4 30. Bd3 Qb7 31. Nf5+ Bxf5 32. gxf5 Nxh5 33. Rh3 Nf4+ 0-1

[Event "*** SCC Grand Prix: Titled Tuesday Blitz"]
[Site "Chess.com"]
[Date "2020.07.14"]
[Round "2"]
[White "Artyom_ChessMate"]
[Black "VMikhalevski"]
[Result "0-1"]
[WhiteElo "2504"]
[BlackElo "2803"]
[TimeControl "180+1"]
[EndTime "10:16:42 PDT"]
[Termination "VMikhalevski won by resignation"]

1. e4 e5 2. Nf3 Nc6 3. Bb5 g6 4. O-O Bg7 5. c3 Nge7 6. d4 exd4 7. cxd4 a6 8. Ba4 b5 9. Bb3 d6 10. h3 O-O 11. a3 Na5 12. Ba2 c5 13. Nc3 Bb7 14.
Be3 Rc8 15. dxc5 dxc5 16. Qxd8 Rfxd8 17. Bg5 Kf8 18. Rad1 h6 19. Bh4 c4 20. Rfe1 Nb3 21. Bxb3 cxb3 22. Rxd8+ Rxd8 23. Bg3 Nc6 24. e5 Na5 25. Rd1 Rxd1+ 26. Nxd1 Bxf3 27. gxf3 Nc4 28. Kf1 Nxe5 29. Ke2 Nc4 30. Kd3 Nxb2+ 31. Nxb2 Bxb2 32. Bd6+ Ke8 33. f4 Kd7 34. Bf8 h5 35. f3 a5 36. f5 gxf5 37. Kd2 b4 38. axb4 a4 39. b5 a3 40. Bxa3 Bxa3 41. Kc3 0-1

[Event "*** SCC Grand Prix: Titled Tuesday Blitz"]
[Site "Chess.com"]
[Date "2020.07.14"]
[Round "2"]
[White "AniJak"]
[Black "Chessdreamer2020"]
[Result "0-1"]
[WhiteElo "2328"]
[BlackElo "2622"]
[TimeControl "180+1"]
[EndTime "10:16:42 PDT"]
[Termination "Chessdreamer2020 won by checkmate"]

1. e4 d6 2. d4 Nf6 3. Nc3 c6 4. g3 e5 5. Nge2 b5 6. a3 a5 7. Bg2 Ba6 8. dxe5 dxe5 9. Qxd8+ Kxd8 10. Bg5 Nd7 11. f4 Kc7 12. fxe5 Nxe5 13. Bxf6 gxf6 14. Rf1 Be7 15. Rf5 b4 16. axb4 axb4 17. Nd1 Rhd8 18. Nf2 c5 19. Rd1 Bb5 20. Rxd8 Bxd8 21. Nf4 Ra1+ 22.
Nd1 b3 23. cxb3 Kd7 24. Nd5 Ba5+ 25. b4 Bxb4+ 26. Nc3 Bxc3+ 27. bxc3 Ba4 28. Rxf6 Rxd1+ 29. Ke2 Rg1 30. Bh3+ Ke7 31. Rf5 f6 32. Rh5 Bb5+ 33.
Kf2 Rc1 34. Rxh7+ Kf8 35. Rb7 Rc2+ 36. Ke3 Rxc3+ 37. Kf4 Rf3# 0-1